Map: Romanticide LE

Players

JESTJERVYN

  • Race: Terran Terran
  • League: Diamond
  • Spawn Location: 11:00

Heeebster - Winner!

  • Race: Protoss Protoss
  • League: Diamond
  • Spawn Location: 5:00

VOD

Have the link to the VOD?

Description

Time

  • Played on: Nov. 15, 2020, 2:02 p.m.
  • Length: 4:52
Show
View Real Time Build Order
Export as new Build Order

JESTJERVYN Terran 

Build Orders:  

Get SALT Encoding   

  12  0:01  SCV  
  13  0:13  SCV  
  14  0:18  Supply Depot  
  14  0:34  SCV  
  15  0:41  Barracks  
  15  0:46  Refinery  
  15  0:52  SCV  
  16  1:05  SCV  
  17  1:12  Barracks  
  17  1:27  Barracks  
  17  1:28  SCV  
  17  1:40  Barracks Tech Lab, SCV  
  18  1:53  Orbital Command  
  18  1:57  Supply Depot  
  18  2:00  Marauder  
  20  2:01  Concussive Shells  
  20  2:22  Marauder  
  22  2:25  SCV  
  22  2:37  SCV  
  22  2:40  Barracks Tech Lab  
  23  2:47  Barracks  
  23  2:49  SCV  
  23  2:51  Marauder  
  26  2:59  Marauder  
  26  3:04  SCV  
  29  3:11  Supply Depot  
  29  3:15  Marauder  
  29  3:32  Marauder  
  29  3:36  Marauder  
  25  3:54  Marauder  
  25  3:55  Factory, Command Center  
  27  4:02  Marauder  
  29  4:17  Marauder  
  29  4:23  Marauder  
  29  4:27  SCV  
  29  4:30  Marine  
  29  4:39  SCV  
Show
View Real Time Build Order
Export as new Build Order

Heeebster Protoss - Winner!

Build Orders:  

Get SALT Encoding   

  12  0:03  Probe  
  13  0:13  Pylon  
  13  0:18  Probe (Chrono Boost)  
  15  0:29  Probe (Chrono Boost)  
  15  0:37  Gateway  
  15  0:40  Probe  
  16  0:48  Assimilator  
  16  0:51  Assimilator  
  16  0:57  Probe  
  17  1:09  Probe  
  18  1:21  Probe (Chrono Boost)  
  18  1:24  Cybernetics Core  
  19  1:33  Probe (Chrono Boost)  
  20  1:41  Probe (Chrono Boost)  
  21  1:48  Probe  
  21  1:49  Pylon  
  22  2:00  Probe  
  23  2:03  Warp Gate  
  23  2:04  Stalker (Chrono Boost)  
  25  2:11  Shield Battery  
  25  2:12  Probe  
  25  2:13  Shield Battery  
  26  2:27  Stalker  
  28  2:32  Robotics Facility  
  28  2:49  Shield Battery  
  28  2:53  Gateway  
  28  2:57  Stalker  
  30  3:14  Pylon  
  30  3:17  Pylon  
  21  3:52  Immortal (Chrono Boost)  
  25  4:08  Stalker  
  25  4:09  Sentry  
  23  4:28  Probe (Chrono Boost)  
  24  4:38  Probe (Chrono Boost)  
  25  4:42  Stalker  
  28  4:50  Stalker  
Tags
 
Matchup
PvT
Replay Pack
Replays
Spawn Locations
Cross Positions
Add a new tag
Caveats
  • Supply blocks, unpowered buildings, or Contaminate may cause inaccurate times.
  • Supply counts are checked every 10 seconds.